[Event "Monday 30 April Rapid Engine Tour 12+1 Rounds 9 Starts 1600ST"]
[Site "Infinity Chess"]
[Date "2018.4.30"]
[Round "7"]
[White "xeonrocks"]
[Black "IronMan"]
[Result "1-0"]
[ECO "C55"]
[WhiteElo "2500"]
[BlackElo "2371"]
[WhiteEngine "Stockfish_x64_bmi2_CTG"]
[BlackEngine "Eman 1.70-beta23 64-bit POPCNT"]
[EventType "Swiss"]
[WhiteTeam ""]
[BlackTeam ""]
[PlyCount "165"]
[TimeControl "720+1"]

1. e4 e5 2. Nf3 Nc6 3. Bc4 Nf6 4. d3 Bc5 5. O-O O-O 6. c3 d6 7. Nbd2 a5 
8. Re1 Be6 9. Bb5 Qb8 10. Nf1 Qa7 11. Be3 Qb6 12. a4 Bxe3 13. Nxe3 Ng4 
14. Ng5 Nxe3 15. Rxe3 Bd7 16. Qd2 h6 17. Nf3 Rad8 18. d4 exd4 19. cxd4 Bc8 
20. Rae1 Nb4 21. Nh4 d5 22. e5 c5 23. dxc5 Qxc5 24. Rc3 Qb6 25. Rg3 Kh8 
26. Kh1 Nc6 27. f4 Ne7 28. Rd3 Be6 29. b4 axb4 30. Qxb4 Qf2 31. Nf3 Nc6 
32. Qa3 Ra8 33. Rd2 Qb6 34. h3 Rfd8 35. Qd3 g6 36. Qe2 Qc5 37. Red1 Kg7 
38. Qe1 Kh7 39. Qh4 Qe7 40. Qf2 Rdc8 41. Nh4 Rg8 42. Rb2 Kh8 43. Nf3 Rgd8 
44. Kh2 Kh7 45. Ra1 Kg8 46. Nh4 Kh8 47. Bd3 Rg8 48. Nf3 Rgd8 49. Qe1 Ra7 
50. Rb5 d4 51. Nh4 Qe8 52. f5 gxf5 53. Nxf5 Qf8 54. Qh4 Bxf5 55. Bxf5 Qg7 
56. e6 fxe6 57. Bxe6 Rf8 58. Rh5 Rf6 59. Bd5 Ne7 60. Ra3 Nxd5 61. Rg3 Qf8 
62. Rxd5 Raa6 63. Rd7 Rf4 64. Qh5 Rf5 65. Qg4 Rf4 66. Qe2 Rf7 67. Qe5+ Raf6 
68. Rg6 Rxd7 69. Rxf6 Kg8 70. Rxf8+ Kxf8 71. Qe6 Rd8 72. Qxh6+ Kf7 73. Qh7+ Kf8 
74. Kg3 Rd6 75. Qxb7 Rd8 76. Kf4 Kg8 77. Kf5 d3 78. Qa6 Rd5+ 79. Kf6 Rf5+ 
80. Kxf5 Kf8 81. Qf6+ Ke8 82. Ke6 d2 83. Qe7# 1-0

[Event "Monday 30 April Rapid Engine Tour 12+1 Rounds 9 Starts 1600ST"]
[Site "Infinity Chess"]
[Date "2018.4.30"]
[Round "7"]
[White "Thor"]
[Black "coreoptimist"]
[Result "1/2-1/2"]
[ECO "C50"]
[WhiteElo "2464"]
[BlackElo "2390"]
[WhiteEngine "asmFishW_2018-04-08_bmi2"]
[BlackEngine "asmFishW_2018-04-25_bmi2_CTG"]
[EventType "Swiss"]
[WhiteTeam ""]
[BlackTeam ""]
[PlyCount "50"]
[TimeControl "720+1"]

1. e4 e5 2. Nf3 Nc6 3. Bc4 Bc5 4. O-O Nf6 5. d3 d6 6. c3 a5 7. Re1 O-O 
8. Nbd2 h6 9. h3 Be6 10. b3 Bb6 11. a4 d5 12. Bb5 Ne7 13. exd5 Nfxd5 14. Qc2 c6 
15. Bc4 Ng6 16. d4 Ndf4 17. dxe5 Nh4 18. Bf1 Bd5 19. Nxh4 Nxh3+ 20. gxh3 Bxf2+ 
21. Kxf2 Qxh4+ 22. Ke2 Qh5+ 23. Kf2 Qh4+ 24. Ke2 Qh5+ 25. Kf2 Qh4+ 1/2-1/2

[Event "Monday 30 April Rapid Engine Tour 12+1 Rounds 9 Starts 1600ST"]
[Site "Infinity Chess"]
[Date "2018.4.30"]
[Round "7"]
[White "HerzsjeMZ"]
[Black "Medusa"]
[Result "1-0"]
[ECO "C11"]
[WhiteElo "2448"]
[BlackElo "2449"]
[WhiteEngine "SugaR.XPrO.1.4.64.POCNT"]
[BlackEngine "Eman 1.70-beta23 64-bit BMI2"]
[EventType "Swiss"]
[WhiteTeam ""]
[BlackTeam ""]
[PlyCount "118"]
[TimeControl "720+1"]

1. e4 e6 2. d4 d5 3. Nc3 Nf6 4. e5 Nfd7 5. f4 c5 6. Nf3 Nc6 7. Be3 Qb6 
8. Na4 Qa5+ 9. c3 c4 10. b4 Qc7 11. Be2 b5 12. Nc5 Nxc5 13. dxc5 a5 14. a3 Be7 
15. O-O Bd7 16. Qd2 O-O 17. g4 Ra6 18. Rae1 Rfa8 19. Bd1 axb4 20. axb4 Qd8 
21. Bc2 Ra2 22. Re2 R8a3 23. h4 Kh8 24. g5 g6 25. Nd4 Qa8 26. h5 Kg8 
27. hxg6 fxg6 28. Rh2 Ra1 29. Bb1 Nxd4 30. Bxd4 Qf8 31. Kg2 Be8 32. Rfh1 h5 
33. gxh6 Kh8 34. Rg1 Rb3 35. Rhh1 Bh4 36. Bc2 Ra2 37. Ra1 Rbb2 38. Rxa2 Rxa2 
39. Rxh4 Qf5 40. Bxf5 Rxd2+ 41. Kf1 gxf5 42. h7 Ra2 43. Rh6 Ra6 44. Bf2 Ra7 
45. Rxe6 Bh5 46. c6 Ra1+ 47. Kg2 Kxh7 48. Rd6 Ra8 49. Rd7+ Kh6 50. c7 Rg8+ 
51. Kf1 Rc8 52. Bb6 d4 53. Rxd4 Bf7 54. Rd8 Rxc7 55. Bxc7 Kh7 56. Rd7 Kg8 
57. Rxf7 Kxf7 58. Bd6 Ke6 59. Kf2 Kd7 1-0

[Event "Monday 30 April Rapid Engine Tour 12+1 Rounds 9 Starts 1600ST"]
[Site "Infinity Chess"]
[Date "2018.4.30"]
[Round "7"]
[White "hafaba"]
[Black "angriff"]
[Result "1/2-1/2"]
[ECO "E01"]
[WhiteElo "2415"]
[BlackElo "2458"]
[WhiteEngine "Eman 1.70-beta21 64-bit POPCNT_CTG"]
[BlackEngine "DracoREX 3.07 64BIT POPCNT_CTG"]
[EventType "Swiss"]
[WhiteTeam ""]
[BlackTeam ""]
[PlyCount "70"]
[TimeControl "720+1"]

1. d4 Nf6 2. c4 e6 3. g3 d5 4. Nf3 Bb4+ 5. Bd2 Be7 6. Bg2 O-O 7. O-O c6 
8. Qc2 b6 9. Rd1 Nbd7 10. Bf4 Bb7 11. Nc3 dxc4 12. Nd2 Nd5 13. Nxc4 Nxf4 
14. gxf4 Qc7 15. e3 Rad8 16. Rac1 a6 17. Qe4 Ba8 18. Qc2 Bb7 19. Qe4 Ba8 
20. Qb1 b5 21. Nd2 c5 22. Bxa8 Rxa8 23. dxc5 Qxc5 24. Ne2 Qb6 25. Nc4 Qa7 
26. Na5 Bf6 27. Ng3 Rac8 28. Ne4 Bh4 29. Rxc8 Rxc8 30. Nd6 Rc5 31. b4 Rc7 
32. Ne8 Rc8 33. Nd6 Rc7 34. Ne8 Rc8 35. Nd6 Rc7 1/2-1/2

[Event "Monday 30 April Rapid Engine Tour 12+1 Rounds 9 Starts 1600ST"]
[Site "Infinity Chess"]
[Date "2018.4.30"]
[Round "7"]
[White "ocirema"]
[Black "star99"]
[Result "1/2-1/2"]
[ECO "E10"]
[WhiteElo "2416"]
[BlackElo "2445"]
[WhiteEngine "asmFishW_9_popcnt"]
[BlackEngine "Cryptic Heroes 9.4B"]
[EventType "Swiss"]
[WhiteTeam ""]
[BlackTeam ""]
[PlyCount "78"]
[TimeControl "720+1"]

1. d4 Nf6 2. c4 e6 3. Nf3 d5 4. Nc3 Bb4 5. Qa4+ Nc6 6. e3 O-O 7. Qc2 Ne7 
8. Bd2 b6 9. a3 Bxc3 10. Bxc3 a5 11. b3 Ba6 12. Be2 Ne4 13. O-O Nxc3 14. Qxc3 c5 
15. dxc5 bxc5 16. Rab1 Qb6 17. Bd3 Rfd8 18. Rfd1 Rac8 19. h3 h6 20. Rbc1 Bb7 
21. Bc2 Kf8 22. Rd2 Ba6 23. Bd3 Bb7 24. Bc2 Ba6 25. Rb1 Kg8 26. Rdd1 Qc7 
27. Bd3 Bb7 28. Be2 Qb6 29. cxd5 exd5 30. Qd3 Bc6 31. b4 axb4 32. axb4 c4 
33. Qc2 Bd7 34. Nd4 Qf6 35. Bf3 Qg5 36. Kf1 Qe5 37. Kg1 Qg5 38. Kh2 Qe5+ 
39. Kg1 Qg5 1/2-1/2

[Event "Monday 30 April Rapid Engine Tour 12+1 Rounds 9 Starts 1600ST"]
[Site "Infinity Chess"]
[Date "2018.4.30"]
[Round "7"]
[White "Gilgamesch"]
[Black "Susanne"]
[Result "1/2-1/2 "]
[ECO "B30"]
[WhiteElo "2499"]
[BlackElo "2567"]
[WhiteEngine "BrainFish_180408_x64_bmi2"]
[BlackEngine "asmFishW_IX_bmi2_CTG"]
[EventType "Swiss"]
[WhiteTeam ""]
[BlackTeam ""]
[PlyCount "148"]
[TimeControl "720+1"]

1. e4 c5 2. Nf3 Nc6 3. Nc3 g6 4. d4 cxd4 5. Nxd4 Bg7 6. Be3 Nf6 7. Bc4 O-O 
8. Bb3 d6 9. f3 Qa5 10. Qd2 Nxd4 11. Bxd4 Be6 12. O-O-O b5 13. Kb1 b4 
14. Nd5 Bxd5 15. exd5 Qb5 16. Qd3 Qxd3 17. Rxd3 Nd7 18. Bxg7 Kxg7 19. Re3 Kf6 
20. Rhe1 g5 21. Rxe7 Ne5 22. Rb7 Rfb8 23. Rxb8 Rxb8 24. Rf1 Ng6 25. Kc1 h5 
26. Kd2 a5 27. c3 h4 28. cxb4 Rxb4 29. Kc3 h3 30. g3 Ne5 31. a3 Rb5 32. Rf2 Rc5+ 
33. Kd2 Rb5 34. Kc2 Rc5+ 35. Kd2 Kg7 36. Ba2 a4 37. b4 axb3 38. Bxb3 g4 
39. fxg4 Nxg4 40. Re2 Kf6 41. a4 Kg5 42. Bd1 f5 43. Bc2 f4 44. gxf4+ Kxf4 
45. Ke1 Rxd5 46. Re4+ Kf3 47. Re6 Ne5 48. Bf5 Rd4 49. a5 Ke3 50. Bxh3 Rh4 
51. a6 Rxh3 52. a7 Rh8 53. Rxd6 Ra8 54. Kf1 Rxa7 55. Re6 Kf4 56. h4 Ra2 
57. Rf6+ Kg3 58. h5 Ra1+ 59. Ke2 Ra2+ 60. Kd1 Nd3 61. Rf8 Ne5 62. Rg8+ Ng4 
63. Rb8 Nf2+ 64. Kc1 Ng4 65. Rb3+ Kf4 66. Rb4+ Kg3 67. Rb2 Ra1+ 68. Kd2 Ra5 
69. Rb8 Rxh5 70. Rf8 Nf2 71. Rg8+ Ng4 72. Rg6 Kh4 73. Rg8 Re5 74. Kd1 Nf2+ 
1/2-1/2

[Event "Monday 30 April Rapid Engine Tour 12+1 Rounds 9 Starts 1600ST"]
[Site "Infinity Chess"]
[Date "2018.4.30"]
[Round "6"]
[White "Katzenmaier"]
[Black "hafaba"]
[Result "1/2-1/2 "]
[ECO "D05"]
[WhiteElo "2427"]
[BlackElo "2415"]
[WhiteEngine "Raubfisch X38b1"]
[BlackEngine "Eman 1.70-beta21 64-bit POPCNT_CTG"]
[EventType "Swiss"]
[WhiteTeam ""]
[BlackTeam ""]
[PlyCount "120"]
[TimeControl "720+1"]

1. d4 d5 2. Nf3 Nf6 3. e3 e6 4. b3 c5 5. Bb2 Nc6 6. Bd3 Bd6 7. dxc5 Bxc5 
8. a3 O-O 9. Nbd2 a6 10. b4 Be7 11. Qe2 Nd7 12. O-O Bf6 13. Bxf6 Qxf6 
14. c4 Nde5 15. Rfc1 Rd8 16. cxd5 exd5 17. Nxe5 Nxe5 18. Nb3 Bd7 19. Nd4 Rac8 
20. Qd2 Nc4 21. Qe1 b5 22. Qd1 Nb2 23. Qd2 Nxd3 24. Qxd3 Rc4 25. Qe2 h6 
26. Qh5 Be6 27. h3 Rdc8 28. Rf1 Kh8 29. Kh2 Kh7 30. Qf3 Qxf3 31. gxf3 Bd7 
32. Kg3 g6 33. Rh1 Kg7 34. h4 Kf6 35. Rhd1 Ke7 36. f4 Kf6 37. Nf3 Be6 
38. Nd4 Bd7 39. Rd3 h5 40. Rad1 Be6 41. Kg2 Bg4 42. Rh1 Ke7 43. Ra1 Kf6 
44. Rd2 Ke7 45. Raa2 Bd7 46. Ne2 Ra8 47. Kg3 Be6 48. Nd4 Bd7 49. Rd1 Rac8 
50. Ne2 Be6 51. Rad2 Kf6 52. Rb1 Ke7 53. Ra1 Kf6 54. Nd4 Bd7 55. Nf3 Be6 
56. Rdd1 R8c7 57. Nd4 Bd7 58. Nb3 Be6 59. Nd4 Bg4 60. Rd3 Bd7 1/2-1/2

[Event "Monday 30 April Rapid Engine Tour 12+1 Rounds 9 Starts 1600ST"]
[Site "Infinity Chess"]
[Date "2018.4.30"]
[Round "6"]
[White "coreoptimist"]
[Black "xeonrocks"]
[Result "1/2-1/2"]
[ECO "C50"]
[WhiteElo "2385"]
[BlackElo "2505"]
[WhiteEngine "asmFishW_2018-04-25_bmi2_CTG"]
[BlackEngine "Stockfish_x64_bmi2_CTG"]
[EventType "Swiss"]
[WhiteTeam ""]
[BlackTeam ""]
[PlyCount "124"]
[TimeControl "720+1"]

1. e4 e5 2. Nf3 Nc6 3. Bc4 Bc5 4. O-O Nf6 5. d3 a5 6. c3 d6 7. Nbd2 Ba7 
8. Re1 O-O 9. h3 Be6 10. Bb5 Ne7 11. d4 Ng6 12. Ba4 Nh5 13. Nf1 Nhf4 14. Bc2 Qd7 
15. Ne3 exd4 16. Nxd4 Bxd4 17. cxd4 d5 18. exd5 Nxd5 19. Nxd5 Bxd5 20. Be3 a4 
21. a3 Rfe8 22. Rc1 Qb5 23. Rb1 Re7 24. f3 Ba2 25. Ra1 Qxb2 26. Be4 Bc4 
27. Qc1 Qb5 28. Bxb7 Qxb7 29. Qxc4 Qb3 30. Qc6 Rf8 31. Bf2 Rxe1+ 32. Rxe1 Qxa3 
33. Qxc7 Qa2 34. Qa5 Nf4 35. Re4 a3 36. d5 Qxd5 37. Qxd5 Nxd5 38. Ra4 Rc8 
39. Rxa3 f6 40. Ra5 Nf4 41. Be3 Ng6 42. g4 Ne5 43. f4 Rc3 44. Ra8+ Kf7 
45. Ra7+ Ke6 46. Kf2 Nc4 47. Bd4 Rd3 48. Bc5 Kd5 49. Rd7+ Ke4 50. Rxd3 Kxd3 
51. Kg3 Ke4 52. f5 Ne3 53. h4 Nf1+ 54. Kf2 Nd2 55. h5 h6 56. Bf8 Kf4 
57. Bxg7 Kxg4 58. Bxh6 Nb1 59. Be3 Kxf5 60. Bc1 Nc3 61. h6 Ne4+ 62. Kf3 Nd6 
1/2-1/2

[Event "Monday 30 April Rapid Engine Tour 12+1 Rounds 9 Starts 1600ST"]
[Site "Infinity Chess"]
[Date "2018.4.30"]
[Round "6"]
[White "Medusa"]
[Black "ocirema"]
[Result "1/2-1/2"]
[ECO "D10"]
[WhiteElo "2450"]
[BlackElo "2415"]
[WhiteEngine "Eman 1.70-beta23 64-bit BMI2"]
[BlackEngine "asmFishW_9_popcnt"]
[EventType "Swiss"]
[WhiteTeam ""]
[BlackTeam ""]
[PlyCount "79"]
[TimeControl "720+1"]

1. d4 d5 2. c4 c6 3. cxd5 cxd5 4. Bf4 Nc6 5. Nf3 Nf6 6. Nc3 Bf5 7. Nh4 Bd7 
8. e3 Ne4 9. Nf3 Qa5 10. Rc1 Rc8 11. Nd2 Nxc3 12. bxc3 e6 13. Bd3 Nd8 
14. Qb3 Ba3 15. Rc2 Be7 16. Qb2 Ba3 17. Qb3 Be7 18. Qb2 Qa3 19. Qa1 O-O 
20. O-O Nc6 21. Qb1 Na5 22. e4 Rxc3 23. Rxc3 Qxc3 24. exd5 Qxd4 25. Be3 Qxd5 
26. Bxh7+ Kh8 27. Be4 Qb5 28. Bxa7 Rc8 29. g3 Kg8 30. Bb6 Bd8 31. Bxd8 Rxd8 
32. Nb3 Nxb3 33. axb3 Bc6 34. Rd1 Rxd1+ 35. Qxd1 Bxe4 36. Qd8+ Kh7 37. Qh4+ Kg8 
38. Qd8+ Kh7 39. Qh4+ Kg8 40. Qd8+ 1/2-1/2

[Event "Monday 30 April Rapid Engine Tour 12+1 Rounds 9 Starts 1600ST"]
[Site "Infinity Chess"]
[Date "2018.4.30"]
[Round "6"]
[White "Thor"]
[Black "Gilgamesch"]
[Result "1/2-1/2"]
[ECO "B90"]
[WhiteElo "2462"]
[BlackElo "2501"]
[WhiteEngine "asmFishW_2018-04-08_bmi2"]
[BlackEngine "BrainFish_180408_x64_bmi2"]
[EventType "Swiss"]
[WhiteTeam ""]
[BlackTeam ""]
[PlyCount "118"]
[TimeControl "720+1"]

1. e4 c5 2. Nf3 d6 3. d4 cxd4 4. Nxd4 Nf6 5. Nc3 a6 6. Be3 e5 7. Nb3 Be6 
8. Be2 Be7 9. Qd3 Nc6 10. O-O Rc8 11. a3 O-O 12. Rfe1 h6 13. Red1 Re8 
14. Rac1 Bf8 15. Qd2 Bd7 16. Bf1 Ng4 17. Nd5 Nxe3 18. Qxe3 Bg4 19. Be2 Be6 
20. Qb6 Rb8 21. g3 Ne7 22. c4 Qxb6 23. Nxb6 Nc6 24. h4 a5 25. a4 Be7 26. Kg2 Bd8 
27. Nd5 b6 28. Nc3 Be7 29. Nb5 Red8 30. Nd2 Nb4 31. Nc3 Na6 32. Nf1 g6 
33. Ne3 Nc5 34. Rb1 Rb7 35. Ned5 Nb3 36. h5 Kg7 37. f4 Bxd5 38. Rxd5 exf4 
39. gxf4 Nc5 40. Bf3 Rbb8 41. Nb5 Nxa4 42. Nd4 Rdc8 43. hxg6 fxg6 44. f5 Nc5 
45. fxg6 Kxg6 46. Nf5 Bg5 47. Rxd6+ Kh7 48. e5 Rg8 49. Rh1 Rbf8 50. Bg4 Rg6 
51. Rf1 a4 52. Bd1 Bc1+ 53. Rxg6 Kxg6 54. Bc2 Bxb2 55. e6 Kf6 56. Ne3+ Kg7 
57. Nf5+ Kf6 58. Nd4+ Kg7 59. Nf5+ Kf6 1/2-1/2

[Event "Monday 30 April Rapid Engine Tour 12+1 Rounds 9 Starts 1600ST"]
[Site "Infinity Chess"]
[Date "2018.4.30"]
[Round "6"]
[White "angriff"]
[Black "HerzsjeMZ"]
[Result "1/2-1/2"]
[ECO "D31"]
[WhiteElo "2458"]
[BlackElo "2448"]
[WhiteEngine "DracoREX 3.07 64BIT POPCNT_CTG"]
[BlackEngine "SugaR.XPrO.1.4.64.POCNT"]
[EventType "Swiss"]
[WhiteTeam ""]
[BlackTeam ""]
[PlyCount "117"]
[TimeControl "720+1"]

1. d4 d5 2. c4 e6 3. Nc3 c6 4. Nf3 Nf6 5. Bg5 h6 6. Bxf6 Qxf6 7. e3 Nd7 
8. Be2 Qd8 9. Qc2 Be7 10. O-O O-O 11. Rac1 a6 12. a3 b6 13. Rfd1 Bb7 14. e4 Re8 
15. e5 dxc4 16. Bxc4 Qb8 17. Qe2 b5 18. Ba2 c5 19. d5 exd5 20. e6 Bd6 
21. exf7+ Kxf7 22. Qc2 c4 23. Nxd5 Kg8 24. b3 Bxa3 25. Ra1 Bc5 26. bxc4 b4 
27. Qf5 Qc8 28. Re1 Nf8 29. Qh5 a5 30. Ne5 Bxd5 31. cxd5 Bd6 32. Qf7+ Kh8 
33. Nc4 Bc5 34. d6 Nd7 35. Re7 Rxe7 36. dxe7 a4 37. Re1 Qe8 38. Qf3 Rc8 
39. Bb1 Bxe7 40. g3 b3 41. Nd6 Bxd6 42. Rxe8+ Rxe8 43. Kf1 Nf6 44. Qc6 Bxg3 
45. hxg3 a3 46. Qa4 a2 47. Bxa2 bxa2 48. Qxa2 h5 49. Kg2 h4 50. gxh4 Re4 
51. Kh3 Rf4 52. Qe2 Kh7 53. Kg3 Rf5 54. Qc2 g6 55. f3 Nh5+ 56. Kf2 Kh6 
57. f4 Rxf4+ 58. Ke1 Rxh4 59. Qc6 1/2-1/2

[Event "Monday 30 April Rapid Engine Tour 12+1 Rounds 9 Starts 1600ST"]
[Site "Infinity Chess"]
[Date "2018.4.30"]
[Round "6"]
[White "star99"]
[Black "Susanne"]
[Result "1/2-1/2"]
[ECO "B23"]
[WhiteElo "2440"]
[BlackElo "2572"]
[WhiteEngine "Cryptic Heroes 9.4B"]
[BlackEngine "asmFishW_IX_bmi2_CTG"]
[EventType "Swiss"]
[WhiteTeam ""]
[BlackTeam ""]
[PlyCount "120"]
[TimeControl "720+1"]

1. e4 c5 2. Nc3 Nc6 3. Nf3 g6 4. d4 cxd4 5. Nxd4 Bg7 6. Be3 Nf6 7. Bc4 O-O 
8. Bb3 d6 9. f3 Qa5 10. Qd2 Nxd4 11. Bxd4 Be6 12. O-O-O b5 13. Kb1 b4 
14. Bxe6 fxe6 15. Ne2 Qb5 16. h4 e5 17. Be3 a5 18. Qd3 Qxd3 19. cxd3 Rfd8 
20. Rc1 Nd7 21. h5 Kf7 22. g4 Rac8 23. Rxc8 Rxc8 24. Rc1 Rxc1+ 25. Kxc1 gxh5 
26. gxh5 d5 27. Kc2 d4 28. Bg5 Bf6 29. Bd2 Nc5 30. Nc1 e6 31. Nb3 Nb7 
32. Be1 Kg7 33. Nd2 Kh6 34. Nc4 Kxh5 35. Bg3 Kg5 36. Nxe5 Bxe5 37. Bxe5 Nd8 
38. Bxd4 Kf4 39. Bf6 Nf7 40. d4 Kxf3 41. Kd3 h5 42. e5 Kf4 43. Kc4 Ke4 
44. Kc5 Nh6 45. Kd6 Nf5+ 46. Kxe6 h4 47. Bxh4 Nxh4 48. d5 Nf3 49. d6 Nxe5 
50. d7 Nc6 51. Kd6 Nd8 52. Kc7 Ne6+ 53. Kd6 Kf5 54. b3 Kf6 55. Kc6 Ke7 
56. Kb6 a4 57. bxa4 Kxd7 58. Kb5 Nf4 59. a5 Kc7 60. a6 Kc8 1/2-1/2

[Event "Monday 30 April Rapid Engine Tour 12+1 Rounds 9 Starts 1600ST"]
[Site "Infinity Chess"]
[Date "2018.4.30"]
[Round "5"]
[White "IronMan"]
[Black "Katzenmaier"]
[Result "1/2-1/2"]
[ECO "E53"]
[WhiteElo "2369"]
[BlackElo "2429"]
[WhiteEngine "Eman 1.70-beta23 64-bit POPCNT"]
[BlackEngine "Raubfisch X38b1"]
[EventType "Swiss"]
[WhiteTeam ""]
[BlackTeam ""]
[PlyCount "183"]
[TimeControl "720+1"]

1. d4 d5 2. c4 e6 3. Nc3 Nf6 4. Bg5 Be7 5. cxd5 exd5 6. e3 c6 7. Bd3 O-O 
8. Bf4 Bg4 9. Qb3 b6 10. h3 Bh5 11. Rc1 c5 12. Be2 Bxe2 13. Ngxe2 c4 14. Qd1 Nc6 
15. Be5 Ne8 16. Nf4 Bb4 17. Qf3 Ne7 18. O-O Bxc3 19. bxc3 Qd7 20. Nh5 f6 
21. Bh2 Rd8 22. Rfe1 f5 23. h4 Rf7 24. Nf4 Nf6 25. Qd1 Nc6 26. h5 Rdf8 
27. Qe2 Nd8 28. Qc2 Ne8 29. f3 Ne6 30. Nxe6 Qxe6 31. Bf4 h6 32. Kf2 Nf6 
33. Rh1 Rb7 34. a4 Re7 35. Rcd1 Qd7 36. g3 Kh8 37. Rde1 Re6 38. Kg2 Re7 
39. Qb1 Kg8 40. Re2 Rfe8 41. Be5 Rxe5 42. dxe5 Rxe5 43. Qd1 Qf7 44. Qd4 Re6 
45. Kf2 Nxh5 46. Ra2 Nf6 47. a5 b5 48. a6 Qc7 49. Qf4 Qc8 50. Rb1 Rb6 
51. Qe5 Kf7 52. Rab2 Qd7 53. Qd4 Qc6 54. Qe5 g6 55. Qf4 h5 56. Kg1 Kg7 
57. Kg2 Qc5 58. Ra2 Kf8 59. Qh6+ Kf7 60. Ra5 Qc6 61. Rb2 Qc5 62. Kf2 Qc6 
63. Kg2 Rb8 64. Rb4 Qd7 65. Rb2 Rb6 66. Kf2 Rb8 67. Raa2 Qd6 68. Rb1 Qe7 
69. Qf4 Rb6 70. Ra5 Qc5 71. Qd4 Qc6 72. Qf4 Ne8 73. Rd1 Qc5 74. Ra2 Qd6 
75. e4 Qxf4 76. gxf4 Nc7 77. exf5 gxf5 78. Rh1 Kg6 79. Ke3 Ne6 80. Rg2+ Kf6 
81. Rxh5 Rxa6 82. Rh6+ Kf7 83. Rh7+ Kf6 84. Rg8 Ra3 85. Rh6+ Kf7 86. Rb8 Rxc3+ 
87. Kd2 Rd3+ 88. Kc1 Rc3+ 89. Kd1 Rd3+ 90. Kc1 Rc3+ 91. Kd1 Rd3+ 92. Kc1 1/2-1/2

[Event "Monday 30 April Rapid Engine Tour 12+1 Rounds 9 Starts 1600ST"]
[Site "Infinity Chess"]
[Date "2018.4.30"]
[Round "5"]
[White "Medusa"]
[Black "hafaba"]
[Result "1/2-1/2"]
[ECO "A46"]
[WhiteElo "2451"]
[BlackElo "2414"]
[WhiteEngine "Eman 1.70-beta23 64-bit BMI2"]
[BlackEngine "Eman 1.70-beta21 64-bit POPCNT_CTG"]
[EventType "Swiss"]
[WhiteTeam ""]
[BlackTeam ""]
[PlyCount "103"]
[TimeControl "720+1"]

1. d4 Nf6 2. Nf3 d5 3. c4 c6 4. e3 Bf5 5. Nc3 e6 6. Nh4 Bg6 7. Nxg6 hxg6 
8. Bd2 Nbd7 9. c5 e5 10. b4 Be7 11. g3 exd4 12. exd4 Nf8 13. b5 Ne6 
14. bxc6 bxc6 15. Qa4 Qd7 16. Bg2 Ng4 17. h4 Nh6 18. Ne2 Nf5 19. Kf1 O-O 
20. Bh3 Bf6 21. Kg2 Rab8 22. Rab1 Qe7 23. Rxb8 Rxb8 24. Re1 Rb2 25. Bc1 Rxe2 
26. Rxe2 Nf4+ 27. Bxf4 Qxe2 28. Bxf5 gxf5 29. Qxc6 Qe4+ 30. Kh2 Bxd4 
31. Be3 Bxe3 32. fxe3 Kh7 33. Qd6 Qxe3 34. Qxd5 Qe2+ 35. Kg1 Qe1+ 36. Kh2 Qe2+ 
37. Qg2 Qd3 38. a3 Qc4 39. c6 g6 40. a4 Kg8 41. a5 Kf8 42. a6 f4 43. gxf4 Qxf4+ 
44. Qg3 Qxg3+ 45. Kxg3 Ke7 46. Kg4 f5+ 47. Kf4 Kd6 48. Kg5 Kxc6 49. Kxg6 f4 
50. h5 f3 51. h6 f2 52. h7 1/2-1/2

[Event "Monday 30 April Rapid Engine Tour 12+1 Rounds 9 Starts 1600ST"]
[Site "Infinity Chess"]
[Date "2018.4.30"]
[Round "5"]
[White "xeonrocks"]
[Black "Thor"]
[Result "1/2-1/2"]
[ECO "C55"]
[WhiteElo "2507"]
[BlackElo "2460"]
[WhiteEngine "Stockfish_x64_bmi2_CTG"]
[BlackEngine "asmFishW_2018-04-08_bmi2"]
[EventType "Swiss"]
[WhiteTeam ""]
[BlackTeam ""]
[PlyCount "143"]
[TimeControl "720+1"]

1. e4 e5 2. Nf3 Nc6 3. Bc4 Nf6 4. d3 Bc5 5. O-O O-O 6. c3 d6 7. Nbd2 a5 
8. Re1 Ng4 9. Rf1 Nf6 10. h3 h6 11. Re1 Be6 12. Bb5 Qb8 13. Re2 Qa7 14. Nf1 a4 
15. Ng3 Qa5 16. Bxc6 bxc6 17. Nh4 Rfe8 18. Re1 d5 19. exd5 Nxd5 20. Rxe5 Bd6 
21. Re2 Bxg3 22. fxg3 Qb6+ 23. Rf2 Nf6 24. Bf4 a3 25. bxa3 Rad8 26. Qc2 g5 
27. Be5 gxh4 28. gxh4 Nd7 29. Bf4 Qb5 30. Bxh6 Bf5 31. Qd2 Bxd3 32. a4 Qd5 
33. Qf4 Qe6 34. Qg3+ Qg6 35. Bg5 f6 36. Rf3 Be4 37. Bxf6 Nxf6 38. Qxg6+ Bxg6 
39. Rxf6 Kg7 40. Rxc6 Rd2 41. Rc5 Bd3 42. Rg5+ Kh6 43. a5 Re4 44. Rg4 Kh5 
45. a6 Rxg4 46. hxg4+ Kxh4 47. a7 Be4 48. Re1 Rxg2+ 49. Kf1 Bf3 50. a3 Ra2 
51. Re3 Bg2+ 52. Kg1 Kxg4 53. Re7 Bd5 54. Rxc7 Rxa3 55. c4 Bc6 56. c5 Bb5 
57. c6 Kg5 58. a8=Q Rxa8 59. Kf2 Ra6 60. Kf3 Bxc6+ 61. Ke2 Ra2+ 62. Kd1 Bf3+ 
63. Kc1 Be4 64. Rc3 Kf5 65. Rb3 Rc2+ 66. Kb1 Rh2+ 67. Ka1 Ke5 68. Rb5+ Kd4 
69. Rb8 Bd3 70. Rb2 Rh7 71. Ka2 Bc4+ 72. Kb1 1/2-1/2

[Event "Monday 30 April Rapid Engine Tour 12+1 Rounds 9 Starts 1600ST"]
[Site "Infinity Chess"]
[Date "2018.4.30"]
[Round "5"]
[White "HerzsjeMZ"]
[Black "coreoptimist"]
[Result "1/2-1/2"]
[ECO "C55"]
[WhiteElo "2451"]
[BlackElo "2382"]
[WhiteEngine "SugaR.XPrO.1.4.64.POCNT"]
[BlackEngine "asmFishW_2018-04-25_bmi2_CTG"]
[EventType "Swiss"]
[WhiteTeam ""]
[BlackTeam ""]
[PlyCount "156"]
[TimeControl "720+1"]

1. e4 e5 2. Nf3 Nc6 3. Bc4 Nf6 4. d3 Bc5 5. c3 O-O 6. O-O d6 7. h3 a5 8. Re1 h6 
9. Bb3 Re8 10. Nbd2 b5 11. a4 b4 12. Nf1 Bb6 13. Bc4 Ba6 14. Ba2 Ne7 15. Qb3 Rf8 
16. Ng3 c5 17. Qc2 Rc8 18. Bc4 Bb7 19. Be3 Kh7 20. Nh4 Ng6 21. Nxg6 fxg6 
22. f3 Bc6 23. Red1 Bd7 24. Qf2 Qc7 25. Qd2 Qd8 26. Qe2 Qc7 27. Bf2 Nh5 
28. Nxh5 gxh5 29. Rf1 Rf6 30. Bb5 Be6 31. Bc4 Rcf8 32. Bxe6 Rxe6 33. Qd1 Rg6 
34. Kh2 d5 35. cxb4 axb4 36. Qe2 d4 37. Qc2 Ra8 38. Qc4 Qe7 39. b3 h4 
40. Be1 Ra5 41. Bd2 Rf6 42. Be1 g5 43. Kg1 Qd7 44. Ra2 Bc7 45. Rc2 Bd6 
46. Qd5 Qa7 47. Rc4 Qa8 48. g3 hxg3 49. Bxg3 Qxd5 50. exd5 Rf5 51. Kg2 Ra7 
52. Rcc1 Kg8 53. h4 gxh4 54. Bxh4 Rg7+ 55. Kf2 Rh5 56. Rh1 e4 57. fxe4 Rxh4 
58. Rxh4 Bg3+ 59. Kf1 Bxh4 60. Rxc5 Kh7 61. Rc4 h5 62. d6 Bg3 63. Rxd4 h4 
64. Rd5 h3 65. d7 Bc7 66. Ke2 h2 67. Rh5+ Kg6 68. Rxh2 Rxd7 69. Rf2 Bb6 
70. Rf8 Bd4 71. Rb8 Rh7 72. a5 Rh2+ 73. Kf3 Rd2 74. Rxb4 Ba7 75. Kg4 Rxd3 
76. e5 Rd5 77. Kf3 Kf5 78. a6 Bg1 1/2-1/2

[Event "Monday 30 April Rapid Engine Tour 12+1 Rounds 9 Starts 1600ST"]
[Site "Infinity Chess"]
[Date "2018.4.30"]
[Round "5"]
[White "ocirema"]
[Black "Gilgamesch"]
[Result "1/2-1/2 "]
[ECO "D30"]
[WhiteElo "2411"]
[BlackElo "2505"]
[WhiteEngine "asmFishW_9_popcnt"]
[BlackEngine "BrainFish_180408_x64_bmi2"]
[EventType "Swiss"]
[WhiteTeam ""]
[BlackTeam ""]
[PlyCount "195"]
[TimeControl "720+1"]

1. d4 d5 2. c4 e6 3. Nf3 Nf6 4. Nc3 c6 5. Bg5 h6 6. Bxf6 Qxf6 7. e3 Nd7 
8. Bd3 g6 9. O-O dxc4 10. Bxc4 Bg7 11. e4 e5 12. d5 O-O 13. Nd2 Nb6 14. Bb3 h5 
15. h3 Bh6 16. Qf3 Kg7 17. Rfd1 Rd8 18. Qe2 Bd7 19. Nf3 Qe7 20. Re1 Rac8 
21. Rad1 Qe8 22. a3 f6 23. Qc2 c5 24. Ba2 c4 25. Ra1 Na8 26. a4 Qf8 27. Reb1 Qb4 
28. a5 a6 29. Qe2 Rc5 30. Ne1 Rxa5 31. Nc2 Qc5 32. Bxc4 Rxa1 33. Rxa1 Nb6 
34. Bd3 Rc8 35. Kf1 Kf7 36. Ra2 Qc7 37. Ra1 Qc5 38. Ra2 Qc7 39. Ra1 Kg7 
40. Ra3 Qc5 41. Ra1 Bg5 42. Ra3 Rc7 43. Ra1 Bf4 44. Ra2 Bg5 45. Ra1 Nc8 
46. Na4 Bxa4 47. Rxa4 Qb6 48. Ne1 Rc1 49. Rc4 Nd6 50. Rc3 a5 51. Rc2 Bf4 
52. Bc4 Qb4 53. Bd3 Ra1 54. g3 Bh6 55. Rc3 a4 56. Kg2 Rc1 57. Nc2 Qxb2 
58. Rc7+ Kg8 59. Rd7 Bf8 60. Qf3 f5 61. exf5 Rxc2 62. Rxd6 Bxd6 63. fxg6 Rxf2+ 
64. Qxf2 Qxf2+ 65. Kxf2 a3 66. Bb1 b5 67. Ke3 Kg7 68. Ke4 Kxg6 69. Ba2 Kf6 
70. Bb3 Bc7 71. Ba2 Kg5 72. Bb3 Bb8 73. Ba2 h4 74. g4 Kf6 75. Bb3 Bc7 
76. Kd3 Kg6 77. Ba2 Bd6 78. Ke4 b4 79. Bc4 Bc7 80. Bb3 Bb8 81. Bc4 Kg5 
82. Bb3 Bc7 83. Ba2 Bd6 84. Bc4 Kf6 85. Bb3 Kg7 86. Kf5 Kf8 87. Ke4 Kg7 
88. Kf5 Kh6 89. Kf6 Kh7 90. g5 Kg8 91. Ke6 e4 92. Kxd6 e3 93. Kc7 e2 94. d6+ Kg7 
95. d7 e1=Q 96. d8=Q Qg3+ 97. Kb7 Qxb3 98. Qf6+ 1/2-1/2